Map: Seeds of Aiur

Players

Dainiti

  • Race: Protoss Protoss
  • Spawn Location: 1:00

marcin

  • Race: Protoss Protoss
  • Spawn Location: 1:00

ILIEKEGGPIE - Winner!

  • Race: Protoss Protoss
  • League: Platinum
  • Spawn Location: 7:00

Lobotom - Winner!

  • Race: Zerg Zerg
  • Spawn Location: 7:00

VOD

Have the link to the VOD?

Description

Time

  • Played on: June 10, 2018, 2:38 p.m.
  • Length: 13:23
Show
View Real Time Build Order
Export as new Build Order

Dainiti Protoss 

Build Orders: Oracle Opening 

Get SALT Encoding   

  12  0:01  Probe  
  13  0:13  Probe  
  14  0:26  Probe  
  15  0:29  Pylon  
  15  0:47  Probe  
  15  0:48  Gateway  
  16  0:58  Assimilator  
  16  1:00  Probe  
  17  1:05  Assimilator  
  17  1:12  Probe  
  18  1:24  Probe  
  19  1:35  Probe  
  19  1:37  Cybernetics Core  
  20  1:43  Probe  
  21  1:52  Nexus  
  21  1:53  Probe  
  22  2:05  Probe  
  23  2:15  Stargate  
  23  2:17  Pylon  
  23  2:23  Assimilator  
  23  2:35  Probe  
  23  2:36  Zealot  
  26  2:45  Forge  
  26  2:49  Oracle  
  26  3:03  Probe  
  30  3:06  Probe  
  31  3:15  Probe  
  31  3:19  Probe  
  33  3:24  Photon Cannon  
  33  3:27  Oracle  
  38  3:49  Pylon  
  25  4:35  Probe  
  26  4:43  Pylon  
  23  5:36  Photon Cannon x2  
  23  5:37  Photon Cannon  
  23  5:40  Photon Cannon  
  23  5:42  Photon Cannon  
  5  6:24  Probe  
  2  7:33  Pylon  
  2  8:36  Nexus  
  2  9:04  Assimilator  
  2  10:22  Probe  
  3  10:30  Probe  
  4  10:40  Probe  
  5  10:56  Probe  
  6  11:04  Probe  
  7  11:14  Probe  
  8  11:26  Probe  
  9  11:37  Gateway  
  9  11:38  Probe  
  10  11:50  Probe  
  11  12:02  Probe  
  12  12:14  Probe  
  13  12:26  Probe  
Show
View Real Time Build Order
Export as new Build Order

marcin Protoss 

Build Orders: Forge Fast Expand (FFE) 

Get SALT Encoding   

  1  0:00  Probe  
  12  0:05  Probe  
  14  0:15  Probe  
  15  0:24  Pylon  
  15  0:42  Probe  
  16  0:43  Forge  
  16  0:51  Pylon  
  16  0:54  Probe  
  17  1:25  Nexus  
  17  1:40  Photon Cannon  
  17  1:42  Probe, Photon Cannon  
  18  1:50  Probe  
  18  2:00  Probe, Pylon  
  19  2:08  Probe  
  20  2:10  Gateway  
  21  2:16  Probe  
  22  2:24  Photon Cannon  
  22  2:26  Probe  
  23  2:35  Assimilator  
  23  2:38  Probe x2  
  23  2:40  Assimilator  
  25  2:46  Probe  
  25  2:50  Probe  
  27  2:56  Probe  
  28  2:59  Probe, Cybernetics Core  
  29  3:07  Probe  
  29  3:08  Probe  
  31  3:17  Probe  
  32  3:20  Probe  
  33  3:27  Photon Cannon  
  33  3:29  Photon Cannon  
  33  3:32  Probe, Photon Cannon  
  34  3:37  Probe  
  35  3:44  Probe  
  36  3:49  Probe  
  37  3:56  Probe  
  37  4:01  Probe  
  39  4:08  Probe  
  38  4:10  Photon Cannon x2  
  38  4:13  Probe, Photon Cannon  
  38  4:14  Photon Cannon  
  39  4:24  Probe  
  40  4:32  Probe  
  41  4:40  Stargate x2, Probe  
  41  4:41  Pylon  
  41  4:42  Pylon  
  42  4:48  Pylon x2  
  42  5:02  Probe  
  42  5:04  Assimilator  
  43  5:07  Assimilator  
  43  5:10  Probe  
  43  5:14  Photon Cannon  
  43  5:15  Photon Cannon x2  
  43  5:19  Void Ray  
  43  5:20  Probe  
  44  5:21  Stargate  
  44  5:22  Stargate  
  44  5:25  Void Ray  
  53  5:57  Void Ray  
  57  6:08  Void Ray  
  61  6:20  Void Ray x2  
  69  6:37  Nexus  
  69  6:48  Pylon x2  
  69  7:06  Void Ray  
  73  7:13  Photon Cannon x2  
  73  7:28  Void Ray  
  76  7:51  Void Ray  
  80  8:28  Robotics Facility  
  80  8:46  Void Ray x3  
  92  8:53  Pylon  
  92  8:54  Pylon  
  92  8:55  Protoss Air Weapons Level 1  
  92  8:56  Pylon  
  92  9:21  Photon Cannon x2  
  92  9:23  Photon Cannon  
  92  9:24  Photon Cannon  
  92  9:25  Photon Cannon  
  92  9:40  Void Ray x3  
  66  10:14  Probe  
  67  10:22  Probe  
  67  10:24  Void Ray x2  
  76  10:31  Probe  
  77  10:44  Protoss Air Armor Level 1, Probe  
  77  10:48  Pylon  
  78  10:50  Pylon  
  78  10:56  Probe  
  79  11:06  Probe  
  80  11:12  Probe  
  80  11:14  Probe  
  82  11:20  Probe  
  83  11:29  Probe  
  84  11:42  Probe  
  85  11:50  Probe  
  82  11:56  Void Ray  
  82  12:00  Void Ray  
  66  12:12  Void Ray x2  
  44  12:37  Void Ray  
Show
View Real Time Build Order
Export as new Build Order

ILIEKEGGPIE Protoss - Winner!

Build Orders:  

Get SALT Encoding   

  12  0:01  Probe  
  13  0:13  Probe  
  14  0:21  Pylon  
  14  0:26  Probe  
  15  0:39  Probe  
  15  0:40  Gateway  
  16  0:51  Probe  
  16  0:52  Assimilator  
  17  1:03  Probe  
  18  1:13  Gateway  
  18  1:18  Probe  
  18  1:21  Assimilator  
  19  1:29  Cybernetics Core  
  19  1:30  Probe  
  20  1:43  Probe  
  21  1:49  Pylon  
  21  1:55  Probe  
  21  1:57  Stalker x2, Warp Gate  
  26  2:13  Gateway  
  26  2:29  Stalker x2  
  30  2:37  Pylon  
  30  2:59  Shield Battery  
  30  3:01  Stalker x2  
  34  3:13  Stalker  
  34  3:17  Pylon  
  36  3:36  Gateway  
  36  3:51  Probe  
  37  4:08  Nexus  
  37  4:15  Stalker x2  
  41  4:33  Robotics Facility  
  41  4:46  Probe  
  42  4:55  Pylon  
  43  5:00  Probe  
  43  5:01  Forge  
  43  5:12  Probe  
  44  5:24  Probe  
  44  5:26  Stalker x2  
  49  5:36  Probe x2  
  51  5:44  Probe  
  51  5:45  Observer, Protoss Ground Weapons Level 1  
  51  5:48  Probe  
  54  6:00  Probe  
  55  6:06  Probe  
  55  6:09  Probe  
  56  6:12  Twilight Council  
  56  6:14  Assimilator, Probe  
  56  6:17  Probe  
  58  6:22  Probe  
  59  6:26  Assimilator, Probe  
  59  6:28  Pylon  
  59  6:29  Blink  
  61  6:34  Probe  
  61  6:39  Probe  
  63  6:46  Probe  
  64  6:51  Probe  
  65  6:58  Probe  
  66  7:03  Probe  
  67  7:10  Probe  
  62  7:16  Stalker x4  
  62  7:21  Probe  
  62  7:22  Probe  
  68  7:25  Shield Battery  
  68  7:29  Shield Battery  
  68  7:34  Probe x2  
  70  7:45  Pylon x2  
  70  7:46  Stalker x2  
  70  7:47  Stalker x2, Pylon  
  70  7:51  Protoss Ground Weapons Level 2  
  78  7:52  Pylon  
  78  7:55  Pylon  
  78  8:16  Forge  
  78  8:20  Pylon  
  78  8:22  Pylon  
  78  8:30  Stalker  
  78  8:31  Stalker x3  
  86  8:43  Nexus  
  86  8:56  Stalker x2  
  86  8:57  Stalker x2  
  94  9:16  Protoss Ground Armor Level 1  
  93  9:21  Stalker x3  
  93  9:22  Stalker  
  101  9:32  Assimilator  
  101  9:37  Pylon  
  101  9:39  Assimilator  
  101  9:44  Pylon  
  101  9:56  Stalker x3  
  101  9:57  Stalker  
  57  10:19  Probe  
  57  10:20  Probe  
  59  10:22  Stalker x3  
  59  10:23  Stalker  
  67  10:47  Gateway  
  67  10:48  Gateway  
  67  10:50  Gateway  
  67  10:52  Stalker  
  67  10:53  Stalker x3  
  67  10:54  Probe x2  
  77  11:06  Probe x2  
  79  11:17  Pylon  
  79  11:20  Stalker x3  
  79  11:21  Stalker  
  87  11:51  Stalker x4  
  87  11:52  Stalker x2  
  75  12:15  Stalker x4  
  69  12:16  Stalker x2  
  77  12:45  Stalker  
  77  12:46  Stalker x6  
  91  12:56  Probe x2  
Show
View Real Time Build Order
Export as new Build Order

Lobotom Zerg - Winner!

Build Orders: Pool First 

Get SALT Encoding   

  12  0:16  Overlord  
  12  0:17  Drone  
  12  0:18  Drone  
  14  0:34  Drone  
  15  0:40  Drone  
  16  0:48  Spawning Pool  
  15  0:50  Extractor  
  15  0:51  Drone  
  15  0:59  Drone  
  16  1:16  Drone  
  17  1:21  Drone  
  18  1:32  Overlord  
  18  1:34  Queen  
  20  1:52  Metabolic Boost, Zergling x2  
  21  2:05  Zergling x4  
  23  2:15  Hatchery  
  22  2:18  Zergling x2  
  23  2:28  Baneling Nest  
  22  2:35  Zergling x2  
  23  2:38  Zergling x2  
  24  2:49  Zergling x6  
  27  2:57  Zergling x2  
  28  3:06  Zergling x2  
  29  3:13  Overlord  
  29  3:21  Baneling x5  
  29  3:22  Baneling x2  
  29  3:27  Zergling x6  
  29  3:31  Zergling x2  
  33  3:39  Zergling x4  
  19  4:36  Zergling x2  
  19  4:37  Zergling x14  
  27  4:38  Queen  
  29  4:54  Zergling x4  
  31  5:11  Zergling x10  
  36  5:17  Zergling x4  
  33  5:56  Zergling x6  
  37  5:57  Zergling x12  
  37  5:58  Zergling x4  
  37  6:03  Baneling x2  
  37  6:04  Baneling x7  
  44  6:05  Baneling x5  
  31  6:49  Drone x6  
  37  7:08  Spore Crawler  
  36  7:10  Spore Crawler  
  33  7:47  Zergling x6  
  33  7:48  Zergling x6  
  33  7:51  Drone x5  
  44  8:08  Overlord  
  44  8:09  Overlord x3  
  39  8:23  Lair  
  39  8:42  Drone x3  
  42  8:53  Extractor  
  42  8:55  Drone x2  
  42  8:56  Drone x3, Extractor  
  42  9:00  Extractor  
  44  9:10  Drone x2  
  44  9:11  Drone  
  44  9:12  Drone  
  44  9:13  Drone x2  
  44  9:15  Drone  
  51  9:26  Spire  
  50  9:45  Overlord x2  
  50  9:51  Hatchery  
  49  10:37  Corruptor x3  
  49  10:38  Corruptor x7  
  49  10:41  Corruptor  
  71  10:54  Corruptor  
  73  10:58  Corruptor  
  75  11:04  Corruptor  
  77  11:14  Queen  
  79  11:34  Corruptor x3  
  73  12:08  Corruptor x3  
  65  12:09  Corruptor  
  65  12:39  Corruptor x2  
  65  12:40  Corruptor  
Tags
 
Add a new tag
Caveats
  • Supply blocks, unpowered buildings, or Contaminate may cause inaccurate times.
  • Supply counts are checked every 10 seconds.